 Dungeon Crawl Stone Soup version 0.20.0-8-g6b59dc7 (webtiles) character file.

1104 Kosschaser the Chiller (level 8, -1/60 HPs)
             Began as a Ghoul Ice Elementalist on June 1, 2017.
             Slain by a wyvern skeleton (12 damage)
             ... on level 6 of the Dungeon.
             The game lasted 00:52:49 (7224 turns).

Kosschaser the Chiller (Ghoul Ice Elementalist)     Turns: 7224, Time: 00:52:50

Health: -1/60      AC:  6    Str: 12    XL:     8   Next: 32%
Magic:  2/13       EV: 13    Int: 12    God:
Gold:   149        SH:  0    Dex:  9    Spells: 9/16 levels left

rFire    . . .     SeeInvis .     - Unarmed
rCold    + . .     Gourm    .   (no shield)
rNeg     + + +     Faith    .   a - +0 robe
rPois    ∞         Spirit   .   (no helmet)
rElec    +         Reflect  .   (no cloak)
rCorr    +         Harm     .   (no gloves)
MR       +....                  q - +3 pair of boots of Fallacy {rElec Stlth+}
Stlth    +++.......             (no amulet)
Regen    0.0/turn               h - ring of protection from magic
MPRegen  0.2/turn               e - ring of resist corrosion

@: very slightly contaminated, rotting
A: rotting body, claws 1, carnivore 3, cold resistance 1, negative energy
resistance 3, inhibited regeneration, torment resistance, unbreathing
a: no special abilities


You were on level 6 of the Dungeon.
You were not hungry.

You visited 1 branch of the dungeon, and saw 6 of its levels.
You also visited: Ossuary.

You collected 149 gold pieces.

Inventory:

Armour
 a - a +0 robe (worn)
 i - a +0 pair of boots
 q - the +3 pair of boots of Fallacy (worn) {rElec Stlth+}
   (You found it on level 4 of the Dungeon)

   It insulates you from electricity.
   It makes you more stealthy.
Jewellery
 e - a ring of resist corrosion (right claw)
 h - a ring of protection from magic (left claw)
Scrolls
 j - a scroll of immolation
 m - a scroll of enchant weapon
 n - a scroll of amnesia
 r - a scroll of teleportation {unknown}
 t - a scroll of noise {unknown}
 u - a scroll of remove curse
 v - a scroll of enchant armour {unknown}
Potions
 d - a potion of lignification {unknown}
 f - 2 potions of degeneration {unknown}
 g - a potion of invisibility {unknown}
 k - a potion of heal wounds {unknown}
 l - 2 potions of flight {unknown}
 o - a potion of mutation {unknown}
 s - a potion of might {unknown}
Books
 b - a book of Frost

   Spells                             Type                      Level
   a - Freeze                         Ice                          1
   b - Throw Frost                    Conjuration/Ice              2
   c - Ozocubu's Armour               Charms/Ice                   3
   d - Throw Icicle                   Conjuration/Ice              4
   e - Summon Ice Beast               Ice/Summoning                4
Comestibles
 c - 4 meat rations
 p - 2 royal jellies


   Skills:
 + Level 1.6 Fighting
 + Level 3.7 Dodging
 * Level 3.5 Stealth
 + Level 3.5 Unarmed Combat
 + Level 4.5 Spellcasting
 + Level 2.3 Conjurations
 + Level 5.9 Ice Magic


You had 9 spell levels left.
You knew the following spells:

 Your Spells              Type           Power        Failure   Level  Hunger
a - Freeze                Ice            ###.         1%          1    None
b - Throw Frost           Conj/Ice       ##....       5%          2    ##.....
c - Throw Icicle          Conj/Ice       ##......     36%         4    ####...


Dungeon Overview and Level Annotations

Branches:
Dungeon (6/15)
 Temple: D:4-7

Altars:
Ashenzari
Fedhas
Kikubaaqudgha
Qazlal
Xom
The Shining One

Shops:
D:5 %


Innate Abilities, Weirdness & Mutations

Your body is rotting away.
You thrive on raw meat.
You are immune to poison.
You have sharp fingernails.
You are carnivorous and can eat meat at any time.
Your flesh is cold resistant. (rC+)
You are immune to negative energy. (rN+++)
You do not regenerate when monsters are visible.
You are immune to unholy pain and torment.
You can survive without breathing.


Message History

Casting: Throw Icicle
Confirm with . or Enter, or press ? or * to list all spells.
Aiming: Throw Icicle
Press: ? - help, Shift-Dir - straight line, f/p - wyvern skeleton
Aim: a wyvern skeleton (heavily damaged)
The shard of ice hits the wyvern skeleton.
The wyvern skeleton partially resists.
The wyvern skeleton is severely damaged.
The wyvern skeleton bites you!
* * * LOW HITPOINT WARNING * * *
Casting: Throw Icicle
Confirm with . or Enter, or press ? or * to list all spells.
Aiming: Throw Icicle
Press: ? - help, Shift-Dir - straight line, f/p - wyvern skeleton
Aim: a wyvern skeleton (severely damaged)
You miscast Throw Icicle.
You are very lightly contaminated with residual magic.
You hear a crackling sound.
The wyvern skeleton bites you!
You die...

......#.........#....#
......#.........#....#
......###..###'##....#####
#########..#......##.....#
#........#......#...#..#
#........#......#...+..#
####..###..#......#.######
...#..######.....##'##
...#.......#....@#...#...#
...#.......#....Z'...#...#
...#####...#.....#...#...#
.......#...#.....#...#...#
.......#...#.....#...#...#
.......#####.....#####...#
#+#..................#...#
+..................'...#
#..................#...#


You could see a wyvern skeleton.

Vanquished Creatures
  An orc warrior (D:6)
  A crocodile (D:6)
  2 bullfrogs (D:6)
  2 scorpions (D:4)
  3 hounds (D:4)
  A jelly (D:4)
  A bullfrog skeleton (D:6)
  2 iguanas
  3 worker ants
  5 orc wizards
  A big kobold zombie (Ossuary)
  A howler monkey skeleton (D:4)
  10 adders
  A shadow imp (D:6)
  An adder skeleton (D:5)
  4 worms
  4 dart slugs (D:1)
  3 leopard geckos
  21 orcs
  8 bats
  8 giant cockroaches
  14 goblins
  10 hobgoblins
  9 jackals
  3 quokkas
  A frilled lizard (D:2)
  A gnoll zombie (Ossuary)
  A goblin zombie (Ossuary)
  2 hobgoblin zombies (Ossuary)
  A jackal skeleton (D:3)
  10 kobolds
  A leopard gecko skeleton (D:4)
  5 rats
141 creatures vanquished.

Notes
Turn   | Place    | Note
-------+----------+-------------------------------------------
     0 | D:1      | Kosschaser the Ghoul Ice Elementalist began the quest for the Orb.
     0 | D:1      | Reached XP level 1. HP: 14/14 MP: 2/2
    96 | D:1      | Reached XP level 2. HP: 17/20 MP: 1/3
   374 | D:1      | Reached XP level 3. HP: 14/26 MP: 0/5
   391 | D:1      | Learned a level 2 spell: Throw Frost
  1137 | D:2      | Reached skill level 4 in Ice Magic
  1209 | D:1      | Reached skill level 1 in Conjurations
  1370 | D:2      | Reached XP level 4. HP: 29/33 MP: 4/6
  1480 | D:2      | Learned a level 4 spell: Throw Icicle
  1644 | D:2      | Reached skill level 1 in Unarmed Combat
  2175 | D:3      | Reached XP level 5. HP: 39/39 MP: 0/8
  3450 | D:4      | Found a shattered altar of Ashenzari.
  3450 | D:4      | Found an ancient bone altar of Kikubaaqudgha.
  3472 | D:4      | Reached XP level 6. HP: 28/46 MP: 3/9
  3920 | D:4      | Got a pair of steaming boots
  3936 | D:4      | Found a sand-covered staircase.
  3951 | Ossuary  | Entered an ossuary
  4385 | D:4      | Reached skill level 1 in Fighting
  4534 | D:4      | Reached skill level 5 in Ice Magic
  4651 | D:4      | Reached XP level 7. HP: 40/52 MP: 3/11
  4772 | D:5      | Entered Level 5 of the Dungeon
  5136 | D:5      | Found Hiokk's Food Shop.
  5170 | D:5      | Found a shimmering altar of Xom.
  5174 | D:5      | Found a stormy altar of Qazlal.
  6023 | D:5      | Identified the +3 pair of boots of Fallacy {rElec Stlth+} (You found it on level 4 of the Dungeon)
  6243 | D:6      | Reached XP level 8. HP: 53/59 MP: 9/13
  6262 | D:6      | Found a glowing golden altar of the Shining One.
  6463 | D:6      | Found a blossoming altar of Fedhas.
  7224 | D:6      | Slain by a wyvern skeleton

Skill      XL: |  1  2  3  4  5  6  7 |
---------------+----------------------+-----
Dodging        | 2 3 |  3.7
Spellcasting   | 2 3 4 |  4.5
Ice Magic      | 4 5 |  5.9
Conjurations   | 1 2 |  2.3
Unarmed Combat | 1 2 3 |  3.5
Fighting       | 1 |  1.6
Stealth        | 3 |  3.5

Action                   |  1- 3 |  4- 6 |  7- 9 || total
-------------------------+-------+-------+-------++-------
Melee: Unarmed           |    67 |   131 |    71 ||   269
       Punch             |       |       |     1 ||     1
 Cast: Freeze            |    39 |    71 |    58 ||   168
       Throw Frost       |    16 |    72 |    53 ||   141
       Throw Icicle      |       |     2 |     5 ||     7
  Use: Scroll            |       |     2 |     3 ||     5
 Stab: Sleeping          |     2 |       |     2 ||     4
  Eat: Chunk             |    26 |    28 |    24 ||    78
Armor: Robe              |    36 |    23 |    23 ||    82
Dodge: Dodged            |    69 |   123 |    73 ||   265
